 Dungeon Crawl Stone Soup version 0.18.1-48-g4cf74bf (webtiles) character file.

43 raph the Skirmisher (level 3, 0/33 HPs)
             Began as a Hill Orc Fighter on Sept 4, 2016.
             Was an Initiate of Makhleb.
             Slain by a bat (1 damage)
             ... on level 3 of the Dungeon.
             The game lasted 00:02:55 (1075 turns).

raph the Skirmisher (Hill Orc Fighter)              Turns: 1075, Time: 00:02:56

Health: 0/33       AC:  9    Str: 18    XL:     3   Next: 58%
Magic:  3/3        EV:  5    Int:  8    God:    Makhleb [......]
Gold:   85         SH:  9    Dex: 11    Spells: 0 memorised, 2 levels left

rFire  x . .     SeeInvis .     a - +0 war axe
rCold  + . .     Gourm    .     j - +0 chain mail
rNeg   . . .     Faith    .     c - +0 shield
rPois  .         Spirit   .     (no helmet)
rElec  .         Dismiss  .     (no cloak)
rCorr  .         Reflect  .     (no gloves)
SustAt .         Harm     .     (no boots)
MR     .....                    e - amulet of regeneration
Stlth  ..........               (no ring)
                                m - ring of ice

@: not resistant to hostile enchantments, extremely unstealthy
A: no striking features
a: Renounce Religion


You were on level 3 of the Dungeon.
You worshipped Makhleb.
Makhleb was noncommittal.
You were hungry.

You visited 1 branch of the dungeon, and saw 3 of its levels.

You collected 85 gold pieces.

Inventory:

Hand Weapons
 a - a +0 war axe (weapon)
Armour
 b - a +0 scale mail
 c - a +0 shield (worn)
 j - a +0 chain mail (worn)
Jewellery
 e - an amulet of regeneration (around neck)
 m - a ring of ice (left hand)
Scrolls
 g - a scroll of magic mapping {unknown}
 k - 2 scrolls of amnesia {unknown}
 l - 3 scrolls of enchant armour {unknown}
 n - a scroll of fear {unknown}
Potions
 d - a potion of might
 i - 2 potions of cancellation {unknown}
 o - a potion of haste {unknown}
 q - a potion of agility {unknown}
Comestibles
 f - a bread ration
 h - a meat ration


   Skills:
 + Level 4.3 Fighting
 + Level 3.1 Axes
 + Level 3.5 Armour
 + Level 0.7 Dodging
 + Level 3.7 Shields


You had 2 spell levels left.
You didn't know any spells.

Dungeon Overview and Level Annotations

Branches:
Dungeon (3/15)

Altars:
Ashenzari
Elyvilon
Fedhas
Makhleb
Nemelex Xobeh
Okawaru
Xom
Yredelemnul
Zin


Message History

The ball python constricts you.
You closely miss the ball python. The bat hits you but does no damage.
You block the ball python's attack. The ball python constricts you.
The ball python bites you but does no damage.
The ball python constricts you.
You hit the ball python.
The ball python is severely wounded.
You hit the gnoll.
The gnoll is heavily wounded.
You hit the gnoll.
The gnoll is moderately wounded.
The bat hits you but does no damage.
The ball python bites you but does no damage.
The ball python constricts you. The gnoll hits you with a flail!
The gnoll hits you with a whip.
The gnoll hits you from afar with a halberd!
* * * LOW HITPOINT WARNING * * *
You are too injured to fight recklessly!
You escape the ball python's grasp.
The bat hits you.
You die...

#..# ##..# ...#
#..# ##
###..##.##
###..g.#<#.#.#
#.$.......#.$#
#._..)gg...#
.......S@..##
.....⌠..b.....#
...........####
......._.#.#
.....)[..#.#
.........#..
.........# ##
........#


You could see 3 gnolls, a bat and a ball python.

Vanquished Creatures
  A worm (D:2)
  2 dart slugs (D:1)
  A giant cockroach (D:1)
  3 goblins (D:1)
  7 hobgoblins
  5 jackals (D:1)
  A ball python (D:1)
  3 bats
  A giant newt (D:1)
  4 kobolds
  8 rats
36 creatures vanquished.

Notes
Turn   | Place    | Note
--------------------------------------------------------------
     0 | D:1      | raph the Hill Orc Fighter began the quest for the Orb.
     0 | D:1      | Reached XP level 1. HP: 19/19 MP: 1/1
    94 | D:1      | Reached XP level 2. HP: 19/27 MP: 2/2
   353 | D:1      | Reached skill level 4 in Fighting
   416 | D:1      | Reached XP level 3. HP: 32/33 MP: 3/3
   849 | D:2      | Found a burning altar of Makhleb.
   849 | D:2      | Noticed a balrug
   852 | D:2      | Noticed an orange demon
   852 | D:2      | Noticed a ynoxinul
   854 | D:2      | Became a worshipper of Makhleb the Destroyer
  1008 | D:2      | Found a shimmering altar of Xom.
  1009 | D:2      | Found a glowing silver altar of Zin.
  1009 | D:2      | Found a basalt altar of Yredelemnul.
  1009 | D:2      | Found a white marble altar of Elyvilon.
  1015 | D:2      | Found a sparkling altar of Nemelex Xobeh.
  1015 | D:2      | Found an iron altar of Okawaru.
  1066 | D:3      | Found a blossoming altar of Fedhas.
  1066 | D:3      | Found a shattered altar of Ashenzari.
  1074 | D:3      | HP: 1/33 [gnoll/halberd (9)]
  1075 | D:3      | Slain by a bat

Skill      XL: |  1  2 |
---------------+-------+-----
Fighting       | 4 |  4.3
Axes           | 3 |  3.1
Armour         | |  3.5
Dodging        | |  0.7
Shields        | |  3.7

Action                   || total
-------------------------++-------
Melee: War axe           ||    95
Armor: Scale mail        ||    18
       Chain mail        ||    30
Dodge: Dodged            ||    24
Block: Shield            ||    47
